 Dungeon Crawl Stone Soup version 0.30-a0-165-g1891117ce2 (webtiles) character file.

Game seed: 11156403967489715781

2044 funkygono the Geomancer (level 9, -1/47 HPs)
             Began as a Gargoyle Earth Elementalist on Sept 28, 2022.
             Was a Follower of Vehumet.
             Slain by a troll (5 damage)
             ... on level 6 of the Dungeon.
             The game lasted 00:09:36 (5505 turns).

funkygono the Geomancer (GrEE)                      Turns: 5505, Time: 00:09:37

Health: -1/47      AC:  8    Str: 12    XL:     9   Next: 24%
Magic:  0/19       EV: 12    Int: 20    God:    Vehumet [*.....]
Gold:   298        SH:  0    Dex: 10    Spells: 15/21 levels left

rFire   . . .      SeeInvis +    v - +4 whip
rCold   . . .      Faith    .    (no shield)
rNeg    + . .      Spirit   .    a - +0 robe
rPois   ∞          Reflect  .    (no helmet)
rElec   +          Harm     .    (no cloak)
rCorr   .          Rampage  .    (no gloves)
Will    .....                    (no boots)
Stlth   ++........               o - amulet of regeneration
HPRegen 0.95/turn                m - ring of see invisible
MPRegen 0.16/turn                (no ring)

@: no status effects
A: sickness immunity, AC +6, negative energy resistance 1, electricity
resistance, torment resistance 1, petrification resistance
a: Renounce Religion


You were on level 6 of the Dungeon.
You worshipped Vehumet.
Vehumet was aware of your devotion.
You visited 1 branch of the dungeon, and saw 6 of its levels.

You collected 298 gold pieces.

Inventory:

Hand Weapons
 c - a +0 flail of protection
 f - a +0 mace
 h - a +0 whip
 v - a +4 whip (weapon)
 A - a +2 demon blade of draining
Armour
 a - a +0 robe (worn)
Magical Staves
 y - a staff of conjuration
Jewellery
 m - a ring of see invisible (left hand)
 o - an amulet of regeneration (around neck)
Wands
 p - a wand of paralysis (4)
 q - a wand of quicksilver (8)
Scrolls
 d - 4 scrolls of teleportation {unknown}
 g - 6 scrolls of identify {unknown}
 i - 2 scrolls of vulnerability {unknown}
 l - a scroll of amnesia {unknown}
 n - 3 scrolls of fog {unknown}
 r - 2 scrolls of magic mapping {unknown}
 w - a scroll of silence {unknown}
 z - a scroll of poison {unknown}
Potions
 b - a potion of magic
 e - a potion of degeneration {unknown}
 j - a potion of experience {unknown}
 k - 3 potions of attraction {unknown}
 s - a potion of brilliance {unknown}
 t - a potion of might {unknown}
 u - a potion of ambrosia {unknown}
 x - a potion of curing


   Skills:
 + Level 1.3 Fighting
 + Level 1.6 Maces & Flails
 + Level 2.6 Dodging
 - Level 2.1 Stealth
 + Level 6.8 Spellcasting
 * Level 4.8 Conjurations
 + Level 0.8 Transmutations
 + Level 9.5 Earth Magic


You had 15 spell levels left.
You knew the following spells:

 Your Spells              Type           Power      Damage    Failure   Level
a - Sandblast             Erth           90%        2d19      1%          1
b - Passwall              Tmut/Erth      22%        N/A       1%          2
c - Stone Arrow           Conj/Erth      70%        3d11      1%          3

Your spell library contained the following spells:

 Spells                   Type           Power      Damage    Failure   Level
 Shock                    Conj/Air       64%        1d7       3%          1
 Freeze                   Ice            24%        1d5       10%         1
 Hailstorm                Conj/Ice       16%        3d6       11%         3
 Petrify                  Tmut/Erth      27%        N/A       11%         4
 Frozen Ramparts          Ice            12%        1d2       28%         3
 Gell's Gravitas          Tloc           6%         N/A       28%         3
 Lesser Beckoning         Tloc           6%         N/A       28%         3
 Teleport Other           Tloc           6%         N/A       28%         3


Dungeon Overview and Level Annotations

Branches:
Dungeon (6/15)             Temple (0/1) D:5

Altars:
Cheibriados
Elyvilon
Nemelex Xobeh
Okawaru
Vehumet
Zin
The Shining One


Innate Abilities, Weirdness & Mutations

You are immune to sickness and miasma.
Your stone body is resilient. (AC +6)
You are immune to poison.
You resist negative energy. (rN+)
You are resistant to electric shocks. (rElec)
You are resistant to unholy torment.
You are immune to petrification.


Message History

Aim: an iguana (severely wounded, 77% to hit)
The stone arrow hits the iguana!
You kill the iguana!
Vehumet accepts your kill.
Unknown command.
Casting: Stone Arrow (safe; 1% risk of failure)
Confirm with . or Enter, or press ? or * to list all spells.
Aiming: Stone Arrow (safe; 1% risk of failure)
Press: ? - help, Shift-Dir - straight line, f - kobold brigand
Aim: a kobold brigand, wielding a +0 dagger and quivering poisoned darts (67% to hit)
The stone arrow hits the kobold brigand!!
The kobold brigand is severely wounded.
The kobold brigand closely misses you.
Casting: Stone Arrow (safe; 1% risk of failure)
Confirm with . or Enter, or press ? or * to list all spells.
Aiming: Sandblast (safe; 1% risk of failure)
Press: ? - help, Shift-Dir - straight line, f/p - kobold brigand
Aim: a kobold brigand, wielding a +0 dagger and quivering poisoned darts (severely wounded, 81% to hit)
The blast of sand hits the kobold brigand!
You kill the kobold brigand!
Vehumet accepts your kill.
Casting: Sandblast (safe; 1% risk of failure)
Confirm with . or Enter, or press ? or * to list all spells.
Aiming: Sandblast (safe; 1% risk of failure)
Press: ? - help, Shift-Dir - straight line, f - troll
Aim: a troll (85% to hit)
The blast of sand hits the troll!!
The troll is severely wounded.
The troll bites you!
* * * LOW HITPOINT WARNING * * *
The troll closely misses you. The troll claws you but does no damage.
The troll barely misses you. The troll claws you!
* * * LOW HITPOINT WARNING * * *
The troll claws you but does no damage.
It was a potion of curing.
You feel better. The troll bites you but does no damage.
The troll barely misses you. The troll claws you.
* * * LOW HITPOINT WARNING * * *
The troll attacks as you move away! The troll misses you. The troll claws you.
You die...

)...... ...#....
....... ....#..#
#.....# #......
#s###.# #.....# #..
.# #.....##### #
..#...#..####
#.###.#......<..#
#.....#.........#
#..$..#.†T@.#......#
# #$###
#.###.#.....## #
#.....#.....## ..
...#.....#...# ..
###.#.###.#...#
.#.....#..)###
..........#..# .#.
.... .....
........###
...##..##
...#...###..##..#


You could see a troll.

Vanquished Creatures
  An unseen horror (D:6)
  Sigmund (D:4)
  An orc warrior (D:5)
  An ice beast (D:5)
  A black bear (D:6)
  2 phantoms (D:6)
  3 scorpions (D:5)
  2 kobold brigands (D:6)
  4 necrophages
  2 hounds
  2 orc priests
  7 iguanas
  5 orc wizards
  4 gnolls (D:5)
  10 adders
  3 worms
  6 dart slugs
  20 orcs
  3 bats
  4 endoplasms
  3 giant cockroaches
  6 goblins
  3 hobgoblins
  2 jackals (D:3)
  A quokka (D:3)
  6 ball pythons
  2 frilled lizards
  13 kobolds
  2 rats
120 creatures vanquished.

Notes
Turn   | Place    | Note
-------+----------+-------------------------------------------
     0 | D:1      | funkygono the Gargoyle Earth Elementalist began the quest
                  | for the Orb.
     0 | D:1      | Reached XP level 1. HP: 10/10 MP: 3/3
   160 | D:1      | Found a faded altar of an unknown god.
   169 | D:1      | Reached skill level 4 in Earth Magic
   169 | D:1      | Reached XP level 2. HP: 13/15 MP: 1/5
   172 | D:1      | Learned a level 2 spell: Passwall
   840 | D:2      | Reached XP level 3. HP: 16/19 MP: 2/6
   844 | D:2      | Learned a level 3 spell: Stone Arrow
  1606 | D:2      | Found an iron altar of Okawaru.
  1929 | D:2      | Reached XP level 4. HP: 24/24 MP: 5/7
  2098 | D:3      | Reached skill level 5 in Earth Magic
  2702 | D:4      | Noticed Sigmund
  2709 | D:4      | Reached XP level 5. HP: 20/28 MP: 5/9
  2718 | D:4      | Killed Sigmund
  2719 | D:4      | Reached skill level 1 in Maces & Flails
  2719 | D:4      | Reached skill level 6 in Earth Magic
  2719 | D:4      | Reached XP level 6. HP: 31/32 MP: 3/11
  2864 | D:4      | Found a radiant altar of Vehumet.
  2871 | D:4      | Became a worshipper of Vehumet
  3095 | D:4      | Found a snail-covered altar of Cheibriados.
  3220 | D:5      | Entered Level 5 of the Dungeon
  3362 | D:5      | Found a staircase to the Ecumenical Temple.
  3372 | D:5      | Reached XP level 7. HP: 27/37 MP: 10/13
  3419 | D:5      | Reached skill level 7 in Earth Magic
  3600 | D:5      | Reached skill level 5 in Spellcasting
  3758 | D:5      | Reached skill level 1 in Fighting
  3782 | D:5      | Reached XP level 8. HP: 43/43 MP: 14/16
  3973 | D:5      | Reached skill level 8 in Earth Magic
  4194 | D:5      | Found a glowing golden altar of the Shining One.
  4194 | D:5      | Found a glowing silver altar of Zin.
  4194 | D:5      | Found a white marble altar of Elyvilon.
  4207 | D:6      | Reached skill level 1 in Conjurations
  4428 | D:6      | Reached * piety under Vehumet
  4428 | D:6      | Offered knowledge of Shock by Vehumet.
  4722 | D:6      | Found a sparkling altar of Nemelex Xobeh.
  5231 | D:6      | Reached skill level 9 in Earth Magic
  5231 | D:6      | Reached XP level 9. HP: 47/47 MP: 3/18
  5490 | D:6      | Noticed an unseen horror
  5490 | D:6      | Noticed a troll
  5495 | D:6      | Killed an unseen horror
  5503 | D:6      | HP: 1/47 [troll (11)]
  5505 | D:6      | Slain by a troll

Illustrated notes

Levels and vault maps discovered:
D:1:      lightli_arrival_flooded_house, layout_rooms,
          shapermc_ecumenical_altar_starsandcircs
D:2:      minmay_chambers_of_ones, layout_basic, basic_altar
D:3:      layout_rooms
D:4:      layout_basic, vehumet_crystals, lemuel_crystal_altar, uniq_sigmund
D:5:      layout_gridville, good_gods_mini_temple,
          minmay_temple_entry_large_hall, st_stairs_8,
          kennysheep_decorative_pillar, minmay_large_rounded_square
D:6:      hangedman_cross_stitches, layout_cave_pools,
          mainiacjoe_overflow_catwalk, makhleb_grotto_becter,
          mainiacjoe_overflow_alcove_2

Skill      XL: |  1  2  3  4  5  6  7  8 |
---------------+-------------------------+-----
Earth Magic    | 4 5 6 7 9 |  9.5
Dodging        | 2 |  2.6
Spellcasting   | 3 4 5 6 |  6.8
Maces & Flails | 1 |  1.6
Fighting       | 1 |  1.3
Conjurations   | 4 |  4.8
Stealth        | |  2.1
Transmutations | |  0.8

Action                   |  1- 3 |  4- 6 |  7- 9 || total
-------------------------+-------+-------+-------++-------
Melee: Mace              |    19 |    33 |     8 ||    60
       Unarmed           |     1 |       |       ||     1
       Punch             |       |     1 |       ||     1
       Whip              |       |       |     9 ||     9
 Cast: Sandblast         |    42 |    48 |    82 ||   172
       Stone Arrow       |       |       |    47 ||    47
  Use: Potion            |       |       |     5 ||     5
Armor: Robe              |     3 |    17 |    23 ||    43
Dodge: Dodged            |    17 |    28 |    61 ||   106

Table legend: (Time is in decaauts)
 A = Elapsed time spent in this place.
 B = Non-inter-level travel time spent in this place.
 C = Inter-level travel time spent in this place.
 D = Time resting spent in this place.
 E = Time spent auto-exploring this place.
 F = Levels seen in this place.
 G = Mean time per level.
                   A        B        C        D        E       F      G
               +--------+--------+--------+--------+--------+-----+--------+
         Total |   5612 |   5495 |    117 |    189 |   4394 |   6 |  935.3 |
       Dungeon |   5612 |   5495 |    117 |    189 |   4394 |   6 |  935.3 |
               +--------+--------+--------+--------+--------+-----+--------+

Top non-repeatable levels by time:
     D:2: 1328 daAuts
     D:5: 1268 daAuts
     D:6: 1070 daAuts
     D:1: 794 daAuts
     D:4: 577 daAuts
     D:3: 572 daAuts
